 Dungeon Crawl Stone Soup version 0.30.0-5-g1a98f26d00 (webtiles) character file.

Game seed: 17686781220596639000

688 freelancePsychic the Spear-Bearer (level 7, -1/55 HPs)
             Began as a Merfolk Reaver on May 8, 2023.
             Was a Priest of Fedhas.
             Slain by an orc
             ... wielding a +0 war axe
              (9 damage)
             ... on level 5 of the Dungeon.
             The game lasted 00:05:44 (4046 turns).

freelancePsychic the Spear-Bearer (Merfolk Reaver)  Turns: 4046, Time: 00:05:45

Health: -1/55      AC: 11    Str: 15    XL:     7   Next: 63%
Magic:  10/10      EV: 12    Int: 12    God:    Fedhas [***...]
Gold:   154        SH:  0    Dex: 12    Spells: 9/10 levels left

rFire   . . .        b - +0 halberd (venom)
rCold   + . .        (shield currently unavailable)
rNeg    + . .        o - +3 leather armour {rC+}
rPois   +            (no helmet)
rElec   .            p - +0 cloak
rCorr   .            r - +2 pair of gloves of the Fae God {rPois rN+}
SInv    +            h - +0 pair of boots
Will    .....        (no amulet)
Stlth   +            q - ring of see invisible
HPRegen 0.29/turn    (no ring)
MPRegen 0.12/turn

%: no passive effects
@: no status effects
A: (nimble swimmer 2), mertail
a: Renounce Religion, Wall of Briars, Grow Ballistomycete


You were on level 5 of the Dungeon.
You worshipped Fedhas.
Fedhas was most pleased with you.
You visited 1 branch of the dungeon, and saw 5 of its levels.

You collected 154 gold pieces.

Inventory:

Hand Weapons
 a - a +1 trident of holy wrath
 b - a +0 halberd of venom (weapon)
 j - a +0 spear
Armour
 h - a +0 pair of boots (worn)
 o - a +3 leather armour of cold resistance (worn)
 p - a +0 cloak (worn)
 r - the +2 pair of gloves of the Fae God (worn) {rPois rN+}
   (You found it on level 4 of the Dungeon)

   rPois:     It protects you from poison.
   rN:        It protects you from negative energy.
Jewellery
 q - a ring of see invisible (left hand)
Wands
 n - a wand of polymorph (4)
Scrolls
 c - a scroll of amnesia {unknown}
 g - a scroll of blinking
 l - a scroll of magic mapping
 s - a scroll of fear
 u - a scroll of poison {unknown}
Potions
 d - 3 potions of curing {unknown}
 e - 3 potions of mutation {unknown}
 f - 3 potions of lignification {unknown}
 i - a potion of flight {unknown}
 k - 2 potions of attraction {unknown}
 m - a potion of heal wounds {unknown}
 t - a potion of haste {unknown}
 v - a potion of brilliance {unknown}


   Skills:
 + Level 4.9 Fighting
 * Level 8.6 Polearms
 - Level 2.6 Dodging
 - Level 2.0 Spellcasting
 - Level 2.4 Conjurations
 + Level 4.0 Invocations


You had 9 spell levels left.
You knew the following spells:

 Your Spells              Type           Power      Damage    Failure   Level
a - Kiss of Death         Conj/Necr      16%        2d6       21%         1

Your spell library contained the following spells:

 Spells                   Type           Power      Damage    Failure   Level
 Magic Dart               Conj           24%        1d4       13%         1
 Searing Ray              Conj           12%        2d4       19%         2
 Momentum Strike          Conj/Tloc      8%         3d8       30%         2
 Apportation              Tloc           2%         N/A       32%         1
 Necrotise                Necr           4%         1d4       32%         1
 Summon Small Mammal      Summ           4%         N/A       32%         1
 Hailstorm                Conj/Ice       4%         3d4       52%         3
 Fulminant Prism          Conj/Hex       2%         3d5       90%         4
 Borgnjor's Revivificati  Necr           0%         N/A       100%        8
 Necromutation            Tmut/Necr      0%         N/A       100%        8
 Death's Door             Necr           0%         N/A       100%        9


Dungeon Overview and Level Annotations

Branches:
Dungeon (5/15)             Temple (0/1) D:4

Altars:
Ashenzari
Fedhas
Gozag
Wu Jian
Yredelemnul

Shops:
D:2 (   D:3 [   D:4 (


Innate Abilities, Weirdness & Mutations

((You are very nimble when in or above water. (Stealth+, EV+, Speed+++)))
Your lower body shifts to a powerful aquatic tail in water.


Message History

You are too injured to fight recklessly!
You are too injured to fight recklessly!
You are too injured to fight recklessly!
You are too injured to fight recklessly!
You are too injured to fight recklessly!
You are too injured to fight recklessly!
You are too injured to fight recklessly!
You are too injured to fight recklessly!
You are too injured to fight recklessly!
You are too injured to fight recklessly!
You are too injured to fight recklessly!
You are too injured to fight recklessly!
You are too injured to fight recklessly!
You are too injured to fight recklessly!
You are too injured to fight recklessly!
You are too injured to fight recklessly!
You are too injured to fight recklessly!
You slash the orc wizard!
You kill the orc wizard!
Fedhas appreciates your contribution to the ecosystem.
The orc barely misses you.
The orc warrior hits you with a +0 mace!
The orc hits you but does no damage.
You closely miss the orc warrior.
The orc warrior hits you with a +0 mace.
The orc closely misses you.
You puncture the orc warrior!
The orc warrior is poisoned.
The orc warrior is moderately wounded.
The orc warrior barely misses you. The orc hits you but does no damage.
You closely miss the orc warrior.
The orc warrior is moderately wounded.
The orc warrior hits you but does no damage.
The orc barely misses you.
You barely miss the orc warrior.
The orc warrior is moderately wounded.
The orc warrior hits you with a +0 mace!
* * * LOW HITPOINT WARNING * * *
The orc hits you with a +0 war axe!
You die...
Fedhas appreciates your contribution to the ecosystem.

#.# #######.#
###.......#
....####..#
#>......#
#####.###.#.#
#.o.......#.#
#.####o####.#
#...)@(.....#
###.o)..#####
#.#.....#
#.###.#.# #
.#.# ## #


You could see an orc warrior (very poisoned) and an orc.

Vanquished Creatures
  An ice beast (D:5)
  2 hounds
  An orc priest (D:5)
  Ijyb (D:3)
  2 iguanas
  Natasha (twice) (D:2)
  2 orc wizards
  4 gnolls (D:3)
  5 adders
  An ufetubus (D:5)
  2 worms
  2 dart slugs
  5 orcs
  7 ball pythons
  8 endoplasms
  5 giant cockroaches
  5 goblins
  3 hobgoblins
  5 kobolds
  5 quokkas
  A bat (D:1)
  2 frilled lizards
  9 rats
  A spectral orc (D:4)
81 creatures vanquished.

Vanquished Creatures (collateral kills)
  Sigmund (D:4)
1 creature vanquished.

Grand Total: 82 creatures vanquished

Notes
Turn   | Place    | Note
-------+----------+-------------------------------------------
     0 | D:1      | freelancePsychic the Merfolk Reaver began the quest for the
                  | Orb.
     0 | D:1      | Reached XP level 1. HP: 16/16 MP: 3/3
    81 | D:1      | Found a faded altar of an unknown god.
    93 | D:1      | Prayed at the altar of an unknown god.
    93 | D:1      | Became a worshipper of Fedhas Madash
    93 | D:1      | Reached * piety under Fedhas
   192 | D:1      | Reached XP level 2. HP: 23/23 MP: 5/5
   661 | D:1      | Reached XP level 3. HP: 21/26 MP: 6/6
   878 | D:1      | Reached skill level 1 in Invocations
  1013 | D:2      | Reached skill level 5 in Polearms
  1345 | D:2      | Reached ** piety under Fedhas
  1346 | D:2      | Reached XP level 4. HP: 15/35 MP: 7/7
  1491 | D:2      | Noticed Natasha
  1503 | D:2      | Killed Natasha
  1511 | D:2      | Noticed Natasha
  1546 | D:3      | Found an opulent altar of Gozag.
  1562 | D:2      | Killed Natasha
  1635 | D:2      | Found Yzyn's Antique Weapon Emporium.
  1672 | D:2      | Reached XP level 5. HP: 39/41 MP: 8/8
  1691 | D:2      | Reached skill level 6 in Polearms
  2015 | D:3      | Found an ornate altar of the Wu Jian Council.
  2041 | D:3      | Identified the +0 chain mail of Loss {rPois rC+ Int+3}
  2245 | D:3      | Found a broken altar of Ashenzari.
  2378 | D:3      | Found Fadav's Antique Armour Shoppe.
  2747 | D:3      | Found a blossoming altar of Fedhas.
  2982 | D:3      | Noticed Ijyb
  2994 | D:3      | Killed Ijyb
  3228 | D:4      | Reached XP level 6. HP: 48/48 MP: 9/9
  3262 | D:4      | Identified the +2 pair of gloves of the Fae God {rPois rN+}
  3309 | D:4      | Noticed Sigmund
  3329 | D:4      | Killed Sigmund
  3330 | D:4      | Reached skill level 7 in Polearms
  3521 | D:4      | Found Tiaz's Antique Weapon Shop.
  3527 | D:4      | Reached XP level 7. HP: 53/55 MP: 10/10
  3584 | D:4      | Found a basalt altar of Yredelemnul.
  3650 | D:4      | Found a staircase to the Ecumenical Temple.
  3881 | D:5      | Entered Level 5 of the Dungeon
  3898 | D:5      | Reached skill level 8 in Polearms
  4039 | D:5      | Reached *** piety under Fedhas
  4046 | D:5      | Slain by an orc

Illustrated notes

Levels and vault maps discovered:
D:1:      psy_arrival_dodecagon, layout_loops_corners,
          hellmonk_ecumenical_altar_arch_garden
D:2:      layout_loops_ring, serial_shops, shop, feat_on_display, uniq_natasha
D:3:      layout_basic, ashenzari_conservatory_becter, fedhas_altar_4,
          mainiacjoe_overflow_catwalk_spiral, serial_shops,
          nicolae_shop_dealshenge, uniq_ijyb
D:4:      layout_gridville, yredelemnul_forgotten_temple_becter,
          minmay_temple_entry_drinking_statues, serial_shops, shop,
          glass_columns_a, hangedman_abyss_or_decor_stagger,
          minmay_close_crescents, uniq_sigmund
D:5:      layout_basic

Skill      XL: |  1  2  3  4  5  6  7 |
---------------+----------------------+-----
Invocations    | 1 2 3 4 |  4.0
Polearms       | 5 6 7 8 |  8.6
Fighting       | 3 4 |  4.9
Dodging        | |  2.6
Spellcasting   | |  2.0
Conjurations   | |  2.4

Action                     |  1- 3 |  4- 6 |  7- 9 || total
---------------------------+-------+-------+-------++-------
  Melee: Spear             |   135 |    90 |       ||   225
         Punch             |     1 |       |       ||     1
         Halberd           |       |    68 |    62 ||   130
   Cast: Kiss of Death     |     1 |     1 |       ||     2
 Invoke: Wall of Briars    |       |     2 |       ||     2
    Use: Scroll            |       |     5 |       ||     5
   Stab: Sleeping          |     1 |       |       ||     1
 Armour: Leather armour    |    16 |    27 |    26 ||    69
  Dodge: Dodged            |    54 |    50 |    40 ||   144
